 Dungeon Sprint DCSS version 0.29.1-15-g9cfb28693d (webtiles) character file.

Game seed: 1050143915589415958

772 Groucho the Covert (level 7, -2/39 HPs)
             Began as a Spriggan Fighter on Mar 18, 2023.
             Was a Believer of Uskayaw.
             Slain by a troll (12 damage)
             ... in the Dungeon (Sprint IX: "|||||||||||||||||||||||||||||").
             The game lasted 00:02:52 (1185 turns).

Groucho the Covert (Spriggan Fighter)               Turns: 1185, Time: 00:02:52

Health: -2/39      AC:  2    Str: 15    XL:     7   Next: 53%
Magic:  14/14      EV: 22    Int: 12    God:    Uskayaw [**....]
Gold:   0          SH:  7    Dex: 14    Spells: 6/6 levels left

rFire   . . .      SeeInvis +   m - +2 rapier (distort)
rCold   . . .      Faith    .   c - +0 buckler
rNeg    . . .      Spirit   .   b - +0 robe
rPois   .          Reflect  .   (helmet restricted)
rElec   .          Harm     .   (no cloak)
rCorr   .          Rampage  .   (gloves unavailable)
Will    +....      NoTele   +   (boots unavailable)
Stlth   +++++.....              (no amulet)
HPRegen 0.13/turn               o - +3 ring of strength
MPRegen 0.14/turn               p - +2 ring of evasion

@: very quick
A: very small, no large weapons, unfitting armour, see invisible, speed 3
a: Renounce Religion, Stomp, Line Pass


You were in the Dungeon.
You worshipped Uskayaw.
Uskayaw was aware of your devotion.
You visited 1 branch

Inventory:

Hand Weapons
 m - a +2 rapier of distortion (weapon)
Armour
 b - a +0 robe (worn)
 c - a +0 buckler (worn)
 n - a +0 cloak
Jewellery
 o - a +3 ring of strength (left hand)
 p - a +2 ring of evasion (right hand)
Wands
 l - a wand of iceblast (10)
Scrolls
 j - a scroll of blinking
 k - 2 scrolls of amnesia
Potions
 d - a potion of might
 h - 4 potions of magic
 i - a potion of curing


   Skills:
 + Level 5.4 Fighting
 + Level 6.7 Short Blades
 + Level 8.6 Dodging
 * Level 12.8 Stealth
 + Level 5.0 Shields
 * Level 8.4 Invocations


You had 6 spell levels left.
You didn't know any spells.
Your spell library was empty.

Dungeon Overview and Level Annotations

Branches:
Dungeon (1/1)

Altars:
Cheibriados
Dithmenos
Elyvilon
Fedhas
Gozag
Hepliaklqana
Kikubaaqudgha
Makhleb
Nemelex Xobeh
Okawaru
Qazlal
Ru
Sif Muna
Trog
Uskayaw
Vehumet
Wu Jian
Xom
Yredelemnul
Zin
The Shining One
Jiyva
Lugonu


Innate Abilities, Weirdness & Mutations

You are very small and have problems with some larger weapons.
You are too small for most types of armour.
You have supernaturally acute eyesight. (SInv)
You cover ground extremely quickly. (Speed+++)


Message History

The centaur warrior is moderately wounded.
You block the centaur warrior's attack. The centaur warrior kicks you.
The boulder beetle curls into a ball and begins rolling!
The centaur warrior closely misses you. x2
The boulder beetle stops rolling and uncurls.
Unknown command.
Unknown command.
Okay, then.
Unknown command.
You completely miss the centaur warrior.
The centaur warrior is moderately wounded.
The centaur warrior hits you!
* * * LOW HITPOINT WARNING * * *
The centaur warrior completely misses you.
Unknown command.
You feel better. You block the centaur warrior's attack.
The centaur warrior kicks you. The centaur warrior barely misses you.
The centaur warrior misses you.
Blink to where?
Press: ? - help, Dir - move target
As you read the scroll of blinking, it crumbles to dust.
The boulder beetle stops rolling and uncurls.
The boulder beetle leaps!
Unknown command.
The troll bites you!
* * * LOW HITPOINT WARNING * * *
You block the troll's attack. x2
You hit the troll.
Space warps horribly around the troll!
The troll is heavily wounded.
The boulder beetle leaps! x2; The troll closely misses you.
You block the troll's attack. The troll completely misses you.
You can now pass through a line of other dancers.
Unknown command.
Unknown command.
You feel better.
The boulder beetle leaps!
The troll misses you. The troll claws you!
* * * LOW HITPOINT WARNING * * *
The troll misses you.
You feel better. The troll bites you!
You die... ▓▓▓▓▓▓▓▓▓▓▓▓▓▓▓▓▓▓▓▓ +..@Txcc.○.°).').[[. ▓▓▓▓▓▓▓▓▓▓▓▓▓▓▓▓▓▓▓▓

You could see 2 centaur warriors, a troll and an unseen horror (invisible).

Vanquished Creatures
  2 wraiths (D)
  2 yaks (D)
  A centaur (D)
  A howler monkey (D)
  A hound (D)
  An orc wizard (D)
  A shadow imp (D)
  A worm (D)
  An orc (D)
  A bat (D)
  2 endoplasms (D)
  A hobgoblin (D)
  A quokka (D)
16 creatures vanquished.

Notes
Turn   | Place    | Note
-------+----------+-------------------------------------------
     0 | D        | Groucho the Spriggan Fighter began the quest for the Orb.
     0 | D        | Reached XP level 1. HP: 11/11 MP: 2/2
     7 | D        | Reached skill level 1 in Stealth
     8 | D        | Reached skill level 1 in Invocations
    22 | D        | Reached skill level 2 in Stealth
   339 | D        | Noticed a hound
   339 | D        | Noticed an orc wizard
   344 | D        | Reached skill level 3 in Stealth
   344 | D        | Reached XP level 2. HP: 16/16 MP: 4/4
   355 | D        | Reached skill level 5 in Dodging
   355 | D        | Reached skill level 4 in Stealth
   355 | D        | Reached XP level 3. HP: 10/20 MP: 4/6
   370 | D        | Reached skill level 5 in Stealth
   370 | D        | Reached XP level 4. HP: 13/24 MP: 5/7
   378 | D        | Reached skill level 6 in Stealth
   768 | D        | Found a snail-covered altar of Cheibriados.
   768 | D        | Found a shadowy altar of Dithmenos.
   768 | D        | Found a white marble altar of Elyvilon.
   768 | D        | Found a blossoming altar of Fedhas.
   768 | D        | Found an opulent altar of Gozag.
   769 | D        | Found a hazy altar of Hepliaklqana.
   770 | D        | Found a viscous altar of Jiyva.
   771 | D        | Found an ancient bone altar of Kikubaaqudgha.
   772 | D        | Found a corrupted altar of Lugonu.
   773 | D        | Found a burning altar of Makhleb.
   774 | D        | Found a sparkling altar of Nemelex Xobeh.
   775 | D        | Found an iron altar of Okawaru.
   776 | D        | Found a stormy altar of Qazlal.
   777 | D        | Found a sacrificial altar of Ru.
   778 | D        | Found a shimmering blue altar of Sif Muna.
   779 | D        | Found a bloodstained altar of Trog.
   780 | D        | Found a hide-covered altar of Uskayaw.
   781 | D        | Found a radiant altar of Vehumet.
   782 | D        | Found an ornate altar of the Wu Jian Council.
   783 | D        | Found a shimmering altar of Xom.
   784 | D        | Found a basalt altar of Yredelemnul.
   785 | D        | Found a glowing silver altar of Zin.
   786 | D        | Found a glowing golden altar of the Shining One.
   788 | D        | Became a worshipper of Uskayaw the Reveller
   819 | D        | Noticed a yak
   819 | D        | Noticed a centaur
   819 | D        | Noticed a yak
   819 | D        | Noticed a wraith
   819 | D        | Noticed a wraith
   823 | D        | Reached * piety under Uskayaw
   827 | D        | Reached ** piety under Uskayaw
   830 | D        | Reached *** piety under Uskayaw
   831 | D        | Killed a yak
   832 | D        | Reached skill level 9 in Stealth
   832 | D        | Reached skill level 5 in Invocations
   832 | D        | Reached XP level 5. HP: 19/29 MP: 7/10
   832 | D        | Reached **** piety under Uskayaw
   833 | D        | Reached ***** piety under Uskayaw
   834 | D        | Killed a wraith
   835 | D        | Reached skill level 5 in Short Blades
   835 | D        | Reached skill level 10 in Stealth
   835 | D        | Reached XP level 6. HP: 15/34 MP: 7/12
   838 | D        | Killed a wraith
   839 | D        | Reached skill level 5 in Fighting
   839 | D        | Reached skill level 11 in Stealth
   839 | D        | Reached XP level 7. HP: 17/39 MP: 7/13
   844 | D        | Reached skill level 12 in Stealth
   846 | D        | Reached ****** piety under Uskayaw
   849 | D        | Killed a yak
   850 | D        | Reached skill level 5 in Shields
  1166 | D        | Noticed a troll
  1166 | D        | Noticed an unseen horror
  1166 | D        | Noticed a centaur warrior
  1166 | D        | Noticed a boulder beetle
  1166 | D        | Noticed a centaur warrior
  1166 | D        | Noticed a boulder beetle
  1185 | D        | Slain by a troll

Illustrated notes

Levels and vault maps discovered:
D:        linesprint [early_d, line_temple, items_1, d_10, items_2, lair_1,
          lair_end, items_3, orc_1, orc_end, items_4, d_15, swamp_1, shoals_1,
          snake_1, spider_1, d_20, vaults_1, items_5, swamp_end, shoals_end,
          snake_end, spider_end, vaults_end, d_27, items_6, zot_1, zot_end,
          crypt_end, forest_end, elf_end, slime_end, tomb_end, abyss_end,
          pan_hell_end]

Skill      XL: |  1  2  3  4  5  6  7 |
---------------+----------------------+-----
Stealth        | 3 4 5 9 10 11 12 | 12.8
Invocations    | 2 3 5 6 7 8 |  8.4
Fighting       | 3 4 5 |  5.4
Short Blades   | 3 4 5 6 |  6.7
Dodging        | 5 6 7 8 |  8.6
Shields        | 3 4 5 |  5.0

Action                   |  1- 3 |  4- 6 |  7- 9 || total
-------------------------+-------+-------+-------++-------
Melee: Rapier            |    48 |    19 |    16 ||    83
  Use: Potion            |     2 |     3 |     5 ||    10
       Scroll            |       |       |     1 ||     1
 Stab: Paralysed         |       |     2 |       ||     2
       Invisible         |       |     2 |     1 ||     3
       Sleeping          |       |     1 |       ||     1
Armor: Robe              |     5 |       |     1 ||     6
Dodge: Dodged            |    24 |     5 |    15 ||    44
Block: Buckler           |    17 |     2 |    12 ||    31
